 Dungeon Crawl Stone Soup version 0.31.0-11-ge490571c62 (webtiles) character file.

Game seed: 2936867211804073213

1147 Arctor the Magician (level 8, -2/41 HPs)
             Began as a Deep Elf Fire Elementalist on Feb 1, 2024.
             Was a Believer of Vehumet.
             Slain by Edmund
             ... wielding a +0 flail of protection
              (14 damage)
             ... on level 6 of the Dungeon.
             The game lasted 00:10:06 (7230 turns).

Arctor the Magician (Deep Elf Fire Elementalist)    Turns: 7230, Time: 00:10:07

Health: -2/41      AC:  2    Str:  5    XL:     8   Next: 15%
Magic:  16/20      EV: 13    Int: 23    God:    Vehumet [**....]
Gold:   412        SH:  0    Dex: 15    Spells: 18/21 levels left

rFire   . . .        G - +5 scythe (venom)
rCold   . . .        (shield currently unavailable)
rNeg    . . .        a - +0 robe
rPois   .            (no helmet)
rElec   .            (no cloak)
rCorr   .            (no gloves)
SInv    .            (no boots)
Will    .....        u - amulet of magic regeneration
Stlth   +++          (no ring)
HPRegen 0.26/turn    (no ring)
MPRegen 0.57/turn

%: no passive effects
@: no status effects
A: no striking features
a: Renounce Religion


You were on level 6 of the Dungeon.
You worshipped Vehumet.
Vehumet was pleased with you.
You visited 2 branches of the dungeon, and saw 7 of its levels.
You also visited: Sewer.

You collected 412 gold pieces.

Inventory:

Hand Weapons
 y - a +3 dagger
 G - a +5 scythe of venom (weapon)
Armour
 a - a +0 robe (worn)
Jewellery
 o - a ring of ice
 r - an amulet of the acrobat
 u - an amulet of magic regeneration (around neck)
 F - an amulet of guardian spirit
Scrolls
 d - 3 scrolls of amnesia
 e - a scroll of blinking
 k - 2 scrolls of noise
 l - a scroll of vulnerability
 m - 3 scrolls of identify
 n - a scroll of fog
 q - 5 scrolls of enchant weapon
 s - 2 scrolls of fear
 v - 4 scrolls of teleportation {unknown}
 C - a scroll of brand weapon {unknown}
 D - a scroll of revelation {unknown}
 E - a scroll of immolation {unknown}
Potions
 b - a potion of magic
 c - a potion of berserk rage {unknown}
 f - 4 potions of lignification {unknown}
 g - 2 potions of brilliance {unknown}
 h - a potion of resistance {unknown}
 i - 2 potions of cancellation {unknown}
 j - 2 potions of mutation {unknown}
 p - 3 potions of curing {unknown}
 t - 4 potions of enlightenment
 w - a potion of might {unknown}
 x - 2 potions of haste {unknown}
 z - 2 potions of degeneration
 A - 2 potions of ambrosia {unknown}
 B - a potion of heal wounds {unknown}


   Skills:
 - Level 4.3 Dodging
 - Level 4.7 Stealth
 + Level 7.2 Spellcasting
 + Level 5.3 Conjurations
 + Level 6.3 Fire Magic


You had 18 spell levels left.
You knew the following spells:

 Your Spells              Type           Power      Damage    Failure   Level
a - Foxfire               Conj/Fire      100%       2x1d9     1%          1
b - Scorch                Fire           74%        2d8       1%          2

Your spell library contained the following spells:

 Spells                   Type           Power      Damage    Failure   Level
 Freeze                   Ice            32%        1d5       8%          1
 Sting                    Conj/Alch      80%        1d8       2%          1
 Inner Flame              Hex/Fire       22%        N/A       6%          3
 Volatile Blastmotes      Fire/Tloc      44%        2d13      6%          3
 Flame Wave               Conj/Fire      35%        2d10      7%          4
 Apportation              Tloc           16%        N/A       8%          1
 Necrotise                Necr           32%        1d5       8%          1
 Sandblast                Erth           16%        2d6       8%          1
 Summon Small Mammal      Summ           32%        N/A       8%          1
 Stone Arrow              Conj/Erth      40%        3d9       8%          3
 Mercury Vapours          Alch/Air       16%        N/A       12%         2
 Passwall                 Erth           8%         N/A       22%         3
 Brom's Barrelling Bould  Conj/Erth      20%        2d4       26%         4
 Olgreb's Toxic Radiance  Alch           8%         N/A       58%         4
 Starburst                Conj/Fire      17%        6d6       71%         6
 Plasma Beam              Fire/Air       11%        2x1d22    97%         6


Dungeon Overview and Level Annotations

Branches:
Dungeon (6/15)             Temple (1/1) D:4           Sewer (visited)

Altars:
Ashenzari
Cheibriados
Dithmenos
Elyvilon
Fedhas
Gozag
Hepliaklqana
Kikubaaqudgha
Makhleb
Nemelex Xobeh
Okawaru
Qazlal
Ru
Sif Muna
Trog
Uskayaw
Vehumet
Xom
Yredelemnul
Zin
The Shining One

Shops:
D:2 :   D:4 :**

Annotations:
D:6 Edmund


Message History

Unknown command.
You conjure some foxfire!
The foxfire hits Edmund.
Edmund is lightly wounded.
The foxfire hits the sky beast.
The sky beast is heavily wounded.
The foxfire hits Edmund but does no damage.
Edmund is lightly wounded.
There are monsters nearby!
You conjure some foxfire!
The foxfire hits Edmund.
Edmund is moderately wounded.
The sky beast completely misses you.
Unknown command.
Casting: Foxfire (safe; 1% risk of failure)
Confirm with . or Enter, or press ? or * to list all spells.
Flames lash the sky beast.
The sky beast is almost dead.
The sky beast's fire resistance burns away.
The foxfire hits Edmund!
Edmund is heavily wounded.
The foxfire hits Edmund but does no damage.
Edmund is heavily wounded.
Edmund hits you with a +0 flail of protection.
The sky beast closely misses you.
Casting: Scorch (safe; 1% risk of failure)
Confirm with . or Enter, or press ? or * to list all spells.
Flames lash the sky beast.
The sky beast is almost dead.
The sky beast completely misses you. The jelly hits you but does no damage.
Edmund misses you.
Unknown command.
The jelly misses you.
The sky beast flickers out of sight!
Deactivating autopickup; reactivate with Ctrl-A.
Something hits you. Something shocks you.
You open the door. Something hits you. Something shocks you.
The jelly hits you.
You are splashed with acid.
* * * LOW HITPOINT WARNING * * *
Edmund barely misses you.
Edmund hits you with a +0 flail of protection!
You die...
Edmund whines, "They better pay attention to me now!"

# #............# #.
#............#
##.######............#
#(.......#####.......#
#........# #..<....#
#........# #.......#
#........# ###......#
#........#### ########
#.......J@..#
#.......@##....#
#..........# ##.#
#..........#
#?.........#
#..........#
#..........#
#..........#
#..........#


You could see Edmund and a jelly.

Vanquished Creatures
  Sigmund (D:5)
  An orc warrior (D:6)
  A black bear (D:4)
  A phantom (D:5)
  A scorpion (D:6)
  3 howler monkeys
  A jelly (D:4)
  4 hounds
  2 iguanas (D:6)
  2 sleepcaps
  15 adders
  A river rat (Sewer)
  5 ribbon worms
  8 dart slugs
  11 orcs
  8 ball pythons
  10 bats
  8 endoplasms
  16 giant cockroaches
  10 goblins
  5 hobgoblins
  A jackal (Sewer)
  10 quokkas
  6 frilled lizards
  10 kobolds
  7 rats
148 creatures vanquished.

Vanquished Creatures (others)
  A dart slug (D:3)
  786 foxfires
787 creatures vanquished.

Grand Total: 935 creatures vanquished

Notes
Turn   | Place    | Note
-------+----------+-------------------------------------------
     0 | D:1      | Arctor the Deep Elf Fire Elementalist began the quest for
                  | the Orb.
     0 | D:1      | Reached XP level 1. HP: 10/10 MP: 6/6
   298 | D:1      | Reached XP level 2. HP: 15/15 MP: 4/8
   971 | D:2      | Learned a level 2 spell: Scorch
  1177 | D:2      | Reached XP level 3. HP: 19/19 MP: 6/9
  1294 | D:2      | Found Ilerikh's Book Shoppe.
  2269 | D:2      | Reached XP level 4. HP: 24/24 MP: 3/11
  3583 | D:3      | Reached skill level 4 in Spellcasting
  4243 | D:4      | Found a staircase to the Ecumenical Temple.
  4338 | Temple   | Entered the Ecumenical Temple
  4372 | Temple   | Became a worshipper of Vehumet
  4447 | D:4      | Noticed a black bear
  4453 | D:4      | Killed a black bear
  4454 | D:4      | Reached XP level 5. HP: 28/28 MP: 5/13
  4687 | D:4      | Found Imythry's General Store.
  4691 | D:4      | Found Fomn's Specific Store.
  4923 | D:4      | Reached XP level 6. HP: 30/32 MP: 10/15
  5054 | D:4      | Found Ozynwip's Tiny Tomes.
  5148 | D:4      | Reached skill level 5 in Spellcasting
  5330 | D:5      | Entered Level 5 of the Dungeon
  5338 | D:5      | Reached * piety under Vehumet
  5338 | D:5      | Offered knowledge of Magic Dart by Vehumet.
  5474 | D:5      | Found a glowing drain.
  5478 | Sewer    | Entered a sewer
  6284 | D:5      | Offered knowledge of Freeze by Vehumet.
  6327 | D:5      | Reached skill level 5 in Fire Magic
  6327 | D:5      | Reached XP level 7. HP: 36/36 MP: 12/17
  6332 | D:5      | Reached ** piety under Vehumet
  6584 | D:5      | Reached skill level 6 in Spellcasting
  6809 | D:5      | Noticed Sigmund
  6816 | D:5      | Killed Sigmund
  7158 | D:6      | Reached skill level 5 in Conjurations
  7160 | D:6      | Reached XP level 8. HP: 41/41 MP: 16/20
  7163 | D:6      | Reached skill level 7 in Spellcasting
  7217 | D:6      | Noticed Edmund
  7230 | D:6      | Slain by Edmund

Illustrated notes

Levels and vault maps discovered:
D:1:      mainiacjoe_arrival_oval_in_oval, layout_basic
D:2:      minmay_roachtagon, layout_basic, serial_shops,
          nicolae_shop_statue_plus, minmay_octomino_j4
D:3:      layout_basic
D:4:      layout_loops_ring, minmay_temple_entry_grid, serial_glass,
          glass_columns_a, glass_columns_a, nicolae_specific_store,
          nicolae_shop_i_like_small_books_too
D:5:      layout_loops_corners, gup_sewer_entry_bowl, kennysheep_small_square,
          uniq_sigmund
D:6:      layout_basic, serial_shops, shop, minmay_crystal_room,
          hangedman_minor_gate_pass, uniq_duvessa, uniq_grinder, uniq_maggie,
          uniq_edmund
Temple:   roderic_octagonal_lattice_temple

Skill      XL: |  1  2  3  4  5  6  7  8 |
---------------+-------------------------+-----
Stealth        | 3 4 |  4.7
Dodging        | 3 4 |  4.3
Conjurations   | 2 3 5 |  5.3
Spellcasting   | 4 5 6 7 |  7.2
Fire Magic     | 4 5 6 |  6.3

Action                     |  1- 3 |  4- 6 |  7- 9 || total
---------------------------+-------+-------+-------++-------
  Melee: Unarmed           |    35 |    27 |       ||    62
         Punch             |     1 |     3 |       ||     4
         Dagger            |       |    14 |       ||    14
         Halberd           |       |       |     1 ||     1
   Cast: Foxfire           |   138 |   306 |    68 ||   512
         Scorch            |     5 |    15 |    14 ||    34
    Use: Scroll            |     3 |     4 |       ||     7
   Stab: Sleeping          |       |     1 |     1 ||     2
 Armour: Robe              |    40 |    33 |    16 ||    89
  Dodge: Dodged            |    58 |    60 |    11 ||   129
